[Event "Czech Championship Women 2022"]
[Site "Jaromerice nad Rokytnou"]
[Date "2022.05.29"]
[Round "9.5"]
[White "Lhotska, Anna"]
[Black "Sikorova, Olga"]
[Result "0-1"]
[ECO "B41"]
[WhiteElo "2029"]
[BlackElo "2173"]
[Annotator "TA"]
[PlyCount "128"]
[EventDate "2022.05.24"]
[EventType "tourn"]
[EventCountry "CZE"]
[SourceTitle "playchess.com"]
[Source "ChessBase"]
[SourceQuality "1"]
[TimeControl "40/5400+30:1800+30"]

1. e4 c5 2. Nf3 a6 3. c4 e6 4. d4 cxd4 5. Nxd4 Nf6 6. Bd3 Nc6 7. Nxc6 {[%emt 0:18:22] B41: Sicilian: Kan Variation: 5 c4.} dxc6 8. Bf4 Qa5+ {[%emt 0:11:17] [#]} 9. Nd2 $146 {[%emt 0:09:54] The position is equal.} ({Predecessor:} 9. Bd2 Qc7 10. Bc3 e5 11. Nd2 Bg4 12. Be2 Be6 13. Qc2 Nd7 14. O-O a5 15. Nf3 {½-½ (31) Feoktistov,A (2435)-Iljushin,A (2553) St Petersburg 2003}) 9... e5 10. Bg5 Be6 11. O-O h6 12. Bxf6 gxf6 13. a3 Qd8 14. Qe2 Bc5 15. b4 Bd4 16. Rab1 b6 (16... a5 $11) 17. c5 (17. Nb3 $5 ) 17... bxc5 (17... b5 $14) 18. Bxa6 O-O 19. Bc4 Qd7 20. Rb3 Kh7 21. Bxe6 Qxe6 22. Rfb1 (22. Qh5 $14 Rg8 23. bxc5 (23. Rh3 Rg6 $15)) 22... cxb4 $11 23. axb4 Ra2 24. Rf3 (24. Rd3 $11) 24... Rd8 25. Rd3 f5 26. Rf1 $2 {[%emt 0:01:38][%mdl 8192] [#]} ({Better is} 26. Kh1 $1 $15) 26... f4 $2 (26... fxe4 $1 $19 27. Qxe4+ f5) 27. Qf3 {[%emt 0:00:18] [#]} (27. Kh1 $17) 27... Qd6 $2 ({Black should try} 27... c5 $1 $19 {[%cal Rc5c4] aiming for ...c4.} 28. bxc5 Qa6) 28. Kh1 $15 Qxb4 29. Qh5 $1 Qe7 {[%emt 0:01:07] Active counter play!} (29... Rxd2 $2 30. Qxf7+ Kh8 31. Rxd2 $18) (29... Kg7 $5 30. Nf3 Rxf2 $15) 30. Nf3 {[%emt 0:00:49][%cal Of3e5,Bd2f3,Bf3h4,Bh4f5][%mdl 32] Strongly threatening Nxe5!} Raa8 31. Nh4 (31. g3 $5 Qf6 32. Rfd1 $11) 31... Qf6 $36 {[%emt 0:00:32][%mdl 2048] Black is pushing.} 32. Rh3 Rg8 33. Nf5 Rg6 34. Qf3 Bc5 (34... c5 $17 {Threatens to win with ...Ra2.} 35. Nh4 Qa6) 35. Qc3 $11 Bf8 {[%emt 0:00:10] ...Ra3 is the strong threat.} 36. g3 (36. Qc2 $11) 36... Ra3 $17 37. Qc1 Qg5 (37... Qe6 $17 {White should prevent ...Qa2.} 38. Qc2 Qb3 39. Qxb3 Rxb3) 38. Qb2 $2 (38. Qc4 $11 {and White stays safe.} Qf6 39. Rb1) 38... Qg4 $19 39. Rh4 Qf3+ 40. Kg1 Qxe4 41. Rh5 Rg5 42. Rxg5 hxg5 43. g4 Qf3 44. Qxe5 Qxg4+ 45. Kh1 Kg6 46. Rc1 (46. Qh8 $142 Qh3 47. Qxh3 Rxh3 48. Nd4) 46... Qf3+ (46... Qxf5 47. Rxc6+ f6 48. Qe8+ Kh6 49. Qxf8+ Kh5 50. Qxa3 $17) 47. Kg1 Qd5 48. Qh8 {[%emt 0:03:37] [#]} (48. Qxd5 $142 cxd5 49. Nd4) 48... Rd3 $1 49. Qxf8 Rd1+ ({Avoid the trap} 49... Kxf5 $2 50. Qc8+ Qe6 51. Qxc6 $19) ({Wrong is} 49... Qxf5 $2 50. Rxc6+ Kh5 51. Rc1 $19) 50. Rxd1 Qxd1+ 51. Kg2 {[%emt 0:00:06] And now Ne7+ would win.} Qd5+ ({Worse is} 51... Kxf5 52. Qxf7+ Kg4 53. Qe6+ Kh5 54. Qh3+ Kg6 55. Qe6+ Kg7 56. Qe7+ Kh6 57. Qe6+ Kh7 58. Qe7+ Kh6 59. Qe6+ Kg7 60. Qe7+ Kh6 $11) 52. f3 {[%emt 0:01:25] Intending Ne7+ and mate.} Kxf5 {[%emt 0:00:03][%mdl 4096] Endgame KQ-KQ} 53. Qc8+ Ke5 54. Qh8+ f6 55. Qb8+ Kf5 {[%emt 0:00:22] Hoping for ...c5.} 56. Qb1+ (56. Qb7 $142) 56... Ke6 {[%emt 0:00:19] White must now prevent ...g4.} 57. Qb8 Qd2+ 58. Kg1 $2 (58. Kh3 $19 Ke7 59. Qb1) 58... Qe3+ 59. Kg2 Qe2+ 60. Kg1 Qxf3 61. Qe8+ Kd5 62. Qd7+ Kc4 63. Qe6+ Qd5 64. Qxf6 Qd4+ {[%emt 0:00:07] Weighted Error Value: White=0.77/Black=0.53} 0-1